 Dungeon Crawl Stone Soup version 0.29.1-15-g9cfb28693d (webtiles) character file.

Game seed: 16126499007266390880

4523 Ioian the Placeless Spriggan (level 10, -2/49 HPs)
             Began as a Spriggan Abyssal Knight on Mar 30, 2023.
             Was a High Priest of Lugonu.
             Slain by a troll (10 damage)
             ... on level 9 of the Dungeon on May 19, 2023.
             The game lasted 01:42:22 (12471 turns).

Ioian the Placeless Spriggan (SpAK)                Turns: 12471, Time: 01:42:22

Health: -2/49      AC:  7    Str:  9    XL:     10   Next: 17%
Magic:  0/29       EV: 23    Int: 15    God:    Lugonu [*****.]
Gold:   508        SH:  0    Dex: 17    Spells: 9/21 levels left

rFire   . . .      SeeInvis +   k - +1 dagger (elec)
rCold   . . .      Faith    .   (no shield)
rNeg    + + .      Spirit   +   N - +0 steam dragon scales
rPois   .          Reflect  .   (helmet restricted)
rElec   +          Harm     .   I - +1 cloak
rCorr   .          Rampage  .   (gloves unavailable)
Will    ++...                   (boots unavailable)
Stlth   ++++......              o - amulet of guardian spirit
HPRegen 0.16/turn               s - ring of positive energy
MPRegen 0.21/turn               B - ring "Ykhlailu" {rElec rN+ Will+ MP+9}

@: very quick
A: very small, no large weapons, unfitting armour, see invisible, speed 3
a: Renounce Religion, Depart the Abyss, Bend Space, Banish, Corrupt, Enter the
Abyss


You were on level 9 of the Dungeon.
You worshipped Lugonu.
Lugonu was extremely pleased with you.
You visited 2 branches of the dungeon, and saw 11 of its levels.
You visited the Abyss 1 time.
You also visited: Sewer.

You collected 568 gold pieces.
You spent 60 gold pieces at shops.

Inventory:

Hand Weapons
 a - a +1 short sword
 k - a +1 dagger of electrocution (weapon)
 M - a +1 spear of venom
 Q - a +2 dagger of draining
 S - a +2 short sword of draining
 V - a +2 short sword of speed
Missiles
 q - 4 throwing nets
Armour
 b - a +0 robe
 C - an orb of energy
 I - a +1 cloak (worn)
 N - +0 steam dragon scales (worn)
 T - a scarf of repulsion
Jewellery
 f - an amulet of magic regeneration
 o - an amulet of guardian spirit (around neck)
 s - a ring of positive energy (left hand)
 t - a ring of magical power
 x - a ring of ice
 B - the ring "Ykhlailu" (right hand) {rElec rN+ Will+ MP+9}
   (You found it on level 7 of the Dungeon)

   [ring of positive energy]

   rElec:     It insulates you from electricity.
   rN:        It protects you from negative energy.
   MP:        It affects your magic capacity (+9).
   Will:      It increases your willpower.
 D - a +6 ring of dexterity
 O - a +6 ring of strength
Wands
 v - a wand of digging (8)
 F - a wand of light (1)
 H - a wand of iceblast (21)
 L - a wand of polymorph (5)
 P - a wand of mindburst (20)
Scrolls
 c - 3 scrolls of teleportation
 d - 2 scrolls of summoning {unknown}
 g - 4 scrolls of blinking
 h - 4 scrolls of poison {unknown}
 i - 3 scrolls of immolation {unknown}
 j - 2 scrolls of enchant armour {unknown}
 n - 4 scrolls of amnesia {unknown}
 p - 5 scrolls of vulnerability {unknown}
 y - 2 scrolls of fog {unknown}
 z - a scroll of fear
 E - a scroll of magic mapping {unknown}
 J - 2 scrolls of noise {unknown}
 K - 2 scrolls of enchant weapon {unknown}
 U - a scroll of identify
Potions
 e - 3 potions of lignification
 l - 5 potions of attraction
 m - 3 potions of heal wounds
 r - 2 potions of magic
 u - 4 potions of might
 w - 2 potions of curing
 A - 2 potions of brilliance
 G - 2 potions of resistance
 R - a potion of flight


   Skills:
 - Level 4.0 Fighting
 * Level 9.2 Short Blades
 - Level 9.0 Dodging
 + Level 7.3 Stealth
 - Level 6.0 Spellcasting
 + Level 9.9 Translocations
 - Level 1.8 Invocations


You had 9 spell levels left.
You knew the following spells:

 Your Spells              Type           Power      Damage    Failure   Level
a - Gell's Gravitas       Tloc           34%        N/A       1%          3
b - Dispersal             Tloc           17%        N/A       36%         6
c - Teleport Other        Tloc           34%        N/A       1%          3

Your spell library contained the following spells:

 Spells                   Type           Power      Damage    Failure   Level
 Portal Projectile        Hex/Tloc       38%        N/A       6%          3
 Scorch                   Fire           8%         2d5       22%         2
 Call Canine Familiar     Summ           4%         N/A       41%         3
 Summon Guardian Golem    Hex/Summ       4%         N/A       41%         3
 Summon Forest            Summ/Tloc      9%         N/A       47%         5
 Flame Wave               Conj/Fire      4%         2d5       82%         4
 Leda's Liquefaction      Hex/Erth       2%         N/A       82%         4
 Summon Lightning Spire   Summ/Air       4%         N/A       82%         4
 Eringya's Noxious Bog    Tmut/Pois      2%         N/A       100%        6
 Summon Cactus Giant      Summ           2%         N/A       100%        6
 Orb of Destruction       Conj           2%         9d5       100%        7
 Spellforged Servitor     Conj/Summ      2%         N/A       100%        7
 Storm Form               Tmut/Air       2%         N/A       100%        7
 Summon Hydra             Summ           2%         N/A       100%        7
 Maxwell's Capacitive Co  Air            2%         ∞         100%        8


Dungeon Overview and Level Annotations

Branches:
Dungeon (10/15)            Temple (0/1) D:6            Lair (1/5) D:10
  Sewer (visited)
    Orc: D:9-12

Altars:
Cheibriados
Nemelex Xobeh
Trog
Uskayaw
Zin

Shops:
D:3 *?   D:4 =:

Annotations:
D:5 Prince Ribbit
D:8 Amaemon, Psyche


Innate Abilities, Weirdness & Mutations

You are very small and have problems with some larger weapons.
You are too small for most types of armour.
You have supernaturally acute eyesight. (SInv)
You cover ground extremely quickly. (Speed+++)


Message History

The blink frog hits you! The bullfrog completely misses you.
Casting: Teleport Other (safe; 1% risk of failure)
Confirm with . or Enter, or press ? or * to list all spells.
Aiming: Teleport Other (safe; 1% risk of failure)
Press: ? - help, Shift-Dir - straight line, f - blink frog
Aim: a blink frog (lightly wounded, chance to affect: 54%)
The blink frog looks slightly unstable.
The blink frog completely misses you. The blink frog hits you.
The bullfrog hits you.
The blink frog hits you but does no damage.
Casting: Teleport Other (safe; 1% risk of failure)
Confirm with . or Enter, or press ? or * to list all spells.
Aiming: Teleport Other (safe; 1% risk of failure)
Press: ? - help, Shift-Dir - straight line, f - bullfrog, p - blink frog
Aim: a bullfrog (moderately wounded, chance to affect: 71%)
The bullfrog struggles to resist.
The blink frog disappears!
The blink frog blinks!
The bullfrog completely misses you. The bullfrog closely misses you.
Casting: Teleport Other (safe; 1% risk of failure)
Confirm with . or Enter, or press ? or * to list all spells.
Aiming: Gell's Gravitas (safe; 1% risk of failure)
Press: ? - help, Dir - move target, f/p - bullfrog
Aim: a bullfrog (moderately wounded)
Okay, then.
Casting: Gell's Gravitas (safe; 1% risk of failure)
Confirm with . or Enter, or press ? or * to list all spells.
Aiming: Teleport Other (safe; 1% risk of failure)
Press: ? - help, Shift-Dir - straight line, f/p - bullfrog
Aim: a bullfrog (moderately wounded, chance to affect: 71%)
The bullfrog looks slightly unstable.
The bullfrog misses you. The bullfrog misses you.
The bullfrog disappears!
The blink frog blinks!
The blink frog hits you!
* * * LOW HITPOINT WARNING * * *
The blink frog blinks!
There is an open door here.
There is a stone staircase leading up here.
You climb upwards.
The troll closely misses you. x2
The troll barely misses you. The troll bites you!
You die...

#...T...# ######.###
#.......# #.# ####'#####
###># #..<..# #...#
#######T### #####.######
..........# #..........###
..........# #.............
..........### #.......)..##.
..........'@###..........##.
..........#.T.#..........###
..........###.#..........#
(.........# #............#
..........# ###..........#
########### #..........#
############


You could see a troll.

Vanquished Creatures
  2 hornets
  A wyvern (D:7)
  2 steam dragons
  Grum (D:8)
  An acid dragon (D:9)
  A water moccasin (D:8)
  An orc warrior (D:7)
  A sky beast (D:8)
  An ice beast (D:8)
  4 wolves
  5 centaurs
  A phantom (D:5)
  10 kobold brigands
  A gnoll sergeant (D:7)
  4 necrophages
  4 bullfrogs
  3 scorpions
  3 electric eels (D:8)
  2 jellies
  An orc priest (D:10)
  A hound (D:7)
  5 iguanas
  2 orc wizards
  Natasha (thrice) (D:2)
  9 gnolls
  15 adders
  2 river rats (D:4)
  2 white imps
  An ufetubus (D:6)
  4 worms
  A dart slug (D:2)
  9 orcs
  8 ball pythons
  11 endoplasms
  6 giant cockroaches
  5 goblins
  3 hobgoblins
  2 jackals (D:4)
  29 kobolds
  4 quokkas
  5 bats
  12 frilled lizards
  7 rats
  A bush (D:6)
196 creatures vanquished.

Vanquished Creatures (others)
  37 plants
37 creatures vanquished.

Grand Total: 233 creatures vanquished

Notes
Turn   | Place    | Note
-------+----------+-------------------------------------------
     0 | Abyss:1  | Ioian the Spriggan Abyssal Knight began the quest for the
                  | Orb.
     0 | Abyss:1  | Reached XP level 1. HP: 11/11 MP: 3/3
     1 | D:1      | Escaped the Abyss
   356 | D:1      | Reached skill level 1 in Stealth
   450 | D:1      | Reached XP level 2. HP: 16/16 MP: 4/4
  1425 | D:2      | Reached XP level 3. HP: 19/19 MP: 5/5
  1528 | D:2      | Reached *** piety under Lugonu
  1624 | D:2      | Noticed Natasha
  1744 | D:2      | Reached XP level 4. HP: 23/23 MP: 6/6
  1819 | D:2      | Found a faded altar of an unknown god.
  1988 | D:3      | Found Bazoesm's Magic Scroll Shoppe.
  2040 | D:3      | Bought a scroll of teleportation for 36 gold pieces
  2040 | D:3      | Bought a scroll of identify for 24 gold pieces
  2509 | D:3      | Reached XP level 5. HP: 22/27 MP: 7/7
  2586 | D:3      | Reached skill level 5 in Stealth
  2704 | D:3      | Found Dysehu Xyl's General Store.
  2827 | D:3      | Found Tatebawa's Antique Weapon Boutique.
  3038 | D:3      | Found a glowing silver altar of Zin.
  3039 | D:3      | Found a snail-covered altar of Cheibriados.
  3428 | D:4      | Noticed an ice beast
  3457 | D:4      | Found Jueskoc's Jewellery Shoppe.
  3522 | D:4      | Reached skill level 5 in Dodging
  3661 | D:4      | Reached XP level 6. HP: 32/32 MP: 8/8
  3887 | D:4      | Found a glowing drain.
  3914 | Sewer    | Entered a sewer
  3928 | Sewer    | Reached **** piety under Lugonu
  4254 | D:5      | Entered Level 5 of the Dungeon
  4396 | D:5      | Noticed Prince Ribbit
  4500 | D:3      | Reached skill level 5 in Short Blades
  4500 | D:3      | Reached XP level 7. HP: 28/36 MP: 9/9
  4504 | D:3      | Learned a level 3 spell: Gell's Gravitas
  4569 | D:4      | Found Leefiun's Book Shoppe.
  4834 | D:4      | Reached skill level 1 in Translocations
  4995 | D:4      | Identified the +2 leather armour of the Fiend {rPois Will+
                  | Stlth+}
  5128 | D:2      | Killed Natasha
  5221 | D:2      | Noticed Natasha
  5230 | D:2      | Killed Natasha
  5303 | D:2      | Noticed Natasha
  5317 | D:2      | Killed Natasha
  6289 | D:6      | Identified the +0 pair of gloves of the Everdark {rN+
                  | Dex+4}
  6791 | D:6      | Reached skill level 5 in Translocations
  6791 | D:6      | Reached XP level 8. HP: 41/42 MP: 10/10
  6978 | D:7      | Identified the ring "Ykhlailu" {rElec rN+ Will+ MP+9}
  7007 | D:7      | Reached skill level 1 in Spellcasting
  7134 | D:6      | Found a staircase to the Ecumenical Temple.
  7222 | D:7      | Learned a level 6 spell: Dispersal
  7229 | D:7      | Noticed a hornet
  7388 | D:7      | Found a bloodstained altar of Trog.
  8109 | D:8      | Reached XP level 9. HP: 32/45 MP: 16/16
  8278 | D:8      | Noticed Amaemon
  8278 | D:8      | Noticed an orange demon
  9213 | D:8      | Reached skill level 5 in Spellcasting
  9213 | D:8      | Noticed Grum
  9217 | D:8      | Reached ***** piety under Lugonu
  9707 | D:8      | Killed Grum
  9822 | D:8      | Noticed Psyche
  9916 | D:9      | Noticed a troll
  9989 | D:9      | Noticed a two-headed ogre
 10035 | D:9      | Learned a level 3 spell: Teleport Other
 10359 | D:10     | Entered Level 10 of the Dungeon
 10587 | D:10     | Found a staircase to the Lair.
 10589 | D:10     | Noticed a komodo dragon
 10858 | D:10     | Reached XP level 10. HP: 49/49 MP: 20/20
 11811 | D:10     | Found a sparkling altar of Nemelex Xobeh.
 11813 | D:10     | Found a hide-covered altar of Uskayaw.
 12438 | Lair:1   | Entered Level 1 of the Lair of Beasts
 12438 | Lair:1   | Noticed a cane toad
 12471 | D:9      | Slain by a troll

Illustrated notes

Levels and vault maps discovered:
D:1:      nicolae_arrival_memento_mori, layout_basic, serial_curves,
          eino_curves_02, eino_curves_03
D:2:      layout_rooms, hellmonk_ecumenical_altar_crossroads, uniq_natasha
D:3:      layout_loops_cross, gammafunk_temple_overflow_statue, serial_shops,
          nicolae_shop_overgrown_old_shop, shop, nicolae_shop_trees,
          guppyfry_early_lair_pool
D:4:      layout_gridville, portal_sewer_entry_b, serial_shops, shop,
          nicolae_stop_n_shop_1
D:5:      layout_layer_cave, hangedman_abyss_or_decor_stabs, uniq_pikel,
          uniq_grinder, uniq_prince_ribbit1
D:6:      layout_rooms, minmay_temple_entry_nine_rooms, chequers_mini_garden,
          minmay_hedge_maze
D:7:      layout_cave_pools, lightli_temple_of_fire, minmay_statues_item,
          minmay_misc_feat_ornament
D:8:      layout_basic, water_boxes_lemuel, uniq_grum, uniq_amaemon, uniq_psyche
D:9:      layout_roguey
D:10:     layout_roguey [special_room_kobold],
          chequers_temple_overflow_statue_of_worship, david_lair_shrubbed,
          grunt_ministairs_6, nicolae_shop_vocational
Lair:1:   layout_misc_corridors, portal_ice_cave_entry_imps,
          chequers_serial_rivers_small_a, serial_bayou_shore_b,
          infiniplex_staircase_pool, serial_bayou_shore_a

Skill      XL: |  1  2  3  4  5  6  7  8  9 10 |
---------------+-------------------------------+-----
Stealth        | 1 3 4 5 7 |  7.3
Short Blades   | 3 4 5 6 7 8 9 |  9.2
Dodging        | 4 5 6 8 9 |  9.0
Fighting       | 3 4 |  4.0
Translocations | 5 7 9 |  9.9
Spellcasting   | 4 6 |  6.0
Invocations    | |  1.8

Action                   |  1- 3 |  4- 6 |  7- 9 | 10-12 || total
-------------------------+-------+-------+-------+-------++-------
Melee: Short sword       |    57 |       |       |       ||    57
       Dagger            |    56 |   225 |   492 |   144 ||   917
       Punch             |       |     1 |    12 |     2 ||    15
 Cast: Teleport Other    |       |       |       |     4 ||     4
       Gell's Gravitas   |       |       |       |     3 ||     3
  Use: Scroll            |       |     4 |     7 |     1 ||    12
       Potion            |       |       |     2 |     2 ||     4
 Stab: Sleeping          |     9 |    11 |    19 |       ||    39
       Distracted        |     1 |     2 |     1 |       ||     4
Armor: Robe              |    10 |     7 |    18 |       ||    35
       Steam dragon scal |       |       |    14 |    12 ||    26
Dodge: Dodged            |    86 |   124 |   276 |   104 ||   590
